 Dungeon Crawl Stone Soup version 0.22-a0-283-g1871b15 (webtiles) character file.

49 sankara the Firebug (level 3, -2/26 HPs)
             Began as a Draconian Fire Elementalist on Mar 19, 2018.
             Slain by an iguana (6 damage)
             ... on level 2 of the Dungeon.
             The game lasted 00:06:27 (1432 turns).

sankara the Firebug (Draconian Fire Elementalist)   Turns: 1432, Time: 00:06:27

Health: -2/26      AC:  6    Str: 10    XL:     3   Next: 53%
Magic:  2/6        EV: 12    Int: 16    God:
Gold:   61         SH:  0    Dex: 11    Spells: 3/7 levels left

rFire    . . .     SeeInvis .   a - +2 whip (elec)
rCold    . . .     Gourm    .   (no shield)
rNeg     . . .     Faith    .   (armour unavailable)
rPois    .         Spirit   .   (helmet restricted)
rElec    .         Reflect  .   j - +0 cloak
rCorr    .         Harm     .   (no gloves)
MR       .....                  (no boots)
Stlth    ++........             (no amulet)
HPRegen  0.08/turn              (no ring)
MPRegen  0.10/turn              (no ring)

@: no status effects
A: unfitting armour, cold-blooded, AC +5
a: no special abilities


You were on level 2 of the Dungeon.
You were not hungry.

You visited 1 branch of the dungeon, and saw 2 of its levels.

You collected 61 gold pieces.

Inventory:

Hand Weapons
 a - a +2 whip of electrocution (weapon)
   (You took it off a kobold on level 1 of the Dungeon)
 c - a +0 spear
   (You found it on level 1 of the Dungeon)
Missiles
 f - 47 stones (quivered)
Armour
 j - a +0 cloak (worn)
   (You found it on level 1 of the Dungeon)
Scrolls
 d - 2 scrolls of teleportation {unknown}
 h - a scroll of identify {unknown}
 i - a scroll of fear {unknown}
 k - 2 scrolls of blinking {unknown}
Potions
 e - 2 potions of curing {unknown}
Comestibles
 b - 2 rations
 g - 4 chunks of flesh {@w0}


   Skills:
 - Level 1.7 Dodging
 - Level 1.7 Stealth
 + Level 2.6 Spellcasting
 + Level 2.1 Conjurations
 + Level 3.6 Fire Magic


You had 3 spell levels left.
You knew the following spells:

 Your Spells              Type           Power        Failure   Level  Hunger
a - Flame Tongue          Conj/Fire      ##...        6%          1    #......
b - Conjure Flame         Conj/Fire      ##......     19%         3    ###....


Dungeon Overview and Level Annotations

Branches:
Dungeon (2/15)

Altars:


Innate Abilities, Weirdness & Mutations

Your plain brown scales are hard. (AC +5)
You cannot fit into any form of body armour.
You are cold-blooded and may be slowed by cold attacks.


Message History

The giant cockroach moves out of view.
You climb upwards.
There is a stone staircase leading down here.
You hit the kobold.
You kill the kobold!
The goblin closely misses you. The goblin closely misses you.
Things that are here:
a short sword of venom; a kobold corpse You closely miss the goblin.
The goblin hits you but does no damage.
You whack the goblin! Lightning courses through the goblin!
You kill the goblin!
You see here a goblin corpse.
You butcher the goblin corpse.
g - 5 chunks of flesh {@w0} (gained 3)
You see here a goblin skeleton.
Some of the chunks of flesh in your inventory have rotted away.
There is a stone staircase leading down here.
You climb downwards.
There is a stone staircase leading up here.
An adder comes into view.
A hobgoblin comes into view. It is wielding a club.
The hobgoblin shouts!
Casting: Flame Tongue (safe; 6% risk of failure)
Confirm with . or Enter, or press ? or * to list all spells.
You can't see any susceptible monsters within range! (Use Z to cast anyway.) Unknown command.
Casting: Flame Tongue (safe; 6% risk of failure)
Confirm with . or Enter, or press ? or * to list all spells.
You can't see any susceptible monsters within range! (Use Z to cast anyway.) Unknown command.
Casting: Flame Tongue (safe; 6% risk of failure)
Confirm with . or Enter, or press ? or * to list all spells.
You can't see any susceptible monsters within range! (Use Z to cast anyway.) Unknown command.
Casting: Flame Tongue (safe; 6% risk of failure)
Confirm with . or Enter, or press ? or * to list all spells.
You can't see any susceptible monsters within range! (Use Z to cast anyway.) Unknown command.
Casting: Flame Tongue (safe; 6% risk of failure)
Confirm with . or Enter, or press ? or * to list all spells.
Aiming: Flame Tongue (safe; 6% risk of failure)
Press: ? - help, Shift-Dir - straight line, f - hobgoblin
Aim: a hobgoblin, wielding a club The flame tongue hits the hobgoblin.
The hobgoblin is severely wounded.
Casting: Flame Tongue (safe; 6% risk of failure)
Confirm with . or Enter, or press ? or * to list all spells.
Aiming: Flame Tongue (safe; 6% risk of failure)
Press: ? - help, Shift-Dir - straight line, f/p - hobgoblin
Aim: a hobgoblin, wielding a club (severely wounded)
The flame tongue hits the hobgoblin.
You kill the hobgoblin!
The giant cockroach bites you but does no damage.
You hit the giant cockroach.
You kill the giant cockroach!
An adder is nearby!
There is a stone staircase leading up here.
You start resting.
An iguana comes into view.
Casting: Flame Tongue (safe; 6% risk of failure)
Confirm with . or Enter, or press ? or * to list all spells.
Aiming: Flame Tongue (safe; 6% risk of failure)
Press: ? - help, Shift-Dir - straight line, f - iguana
Aim: an iguana The flame tongue hits the iguana.
The iguana appears unharmed.
Casting: Flame Tongue (safe; 6% risk of failure)
Confirm with . or Enter, or press ? or * to list all spells.
Aiming: Flame Tongue (safe; 6% risk of failure)
Press: ? - help, Shift-Dir - straight line, f/p - iguana
Aim: an iguana The flame tongue misses the iguana.
You barely miss the iguana. The iguana bites you!
You hit the iguana.
The iguana is moderately wounded.
The iguana bites you. The iguana misses you.
You completely miss the iguana.
The iguana is moderately wounded.
The iguana closely misses you.
You barely miss the iguana.
The iguana is moderately wounded.
The iguana bites you.
* * * LOW HITPOINT WARNING * * *
Casting: Flame Tongue (safe; 6% risk of failure)
Confirm with . or Enter, or press ? or * to list all spells.
Aiming: Flame Tongue (safe; 6% risk of failure)
Press: ? - help, Shift-Dir - straight line, f/p - iguana
Aim: an iguana (moderately wounded)
The flame tongue hits the iguana.
The iguana is heavily wounded.
The iguana barely misses you.
Casting: Flame Tongue (safe; 6% risk of failure)
Confirm with . or Enter, or press ? or * to list all spells.
Aiming: Flame Tongue (safe; 6% risk of failure)
Press: ? - help, Shift-Dir - straight line, f/p - iguana
Aim: an iguana (heavily wounded)
The flame tongue hits the iguana.
The iguana appears unharmed.
The iguana is heavily wounded.
The iguana bites you.
You die...

... .# ... .#
##.## .# ##
####...####.#
...
#...........#
..
#.S......#..#.#
#.............#
#........#@.#
...#.....#.l.#
##..)#.#...#
##$#.##..#.#
..... #..##.#
#.###.##..# ##
#. ..#... .
.#..[## ..#


You could see an iguana.

Vanquished Creatures
  A dart slug (D:1)
  5 giant cockroaches
  7 goblins (D:1)
  7 hobgoblins
  2 jackals (D:1)
  3 bats (D:1)
  3 frilled lizards (D:1)
  9 kobolds (D:1)
  5 rats (D:1)
42 creatures vanquished.

Notes
Turn   | Place    | Note
-------+----------+-------------------------------------------
     0 | D:1      | sankara the Draconian Fire Elementalist began the quest for the Orb.
     0 | D:1      | Reached XP level 1. HP: 14/14 MP: 3/3
   387 | D:1      | Reached XP level 2. HP: 20/20 MP: 3/5
   731 | D:1      | Reached XP level 3. HP: 26/26 MP: 1/6
   962 | D:1      | Learned a level 3 spell: Conjure Flame
  1017 | D:1      | Reached skill level 2 in Conjurations
  1430 | D:2      | HP: 4/26 [iguana (6)]
  1432 | D:2      | Slain by an iguana

Vault maps used:
D:1:      dpeg_arrival_short_road
D:2:      amethyst_overflow_temple_binary

Skill      XL: |  1  2  3 |
---------------+----------+-----
Conjurations   | 2 |  2.1
Dodging        | |  1.7
Stealth        | |  1.7
Spellcasting   | |  2.6
Fire Magic     | |  3.6

Action                   || total
-------------------------++-------
Melee: Unarmed           ||     4
       Tailslap          ||     5
       Whip              ||    25
       Dagger            ||    12
 Cast: Flame Tongue      ||    61
 Stab: Sleeping          ||     1
  Eat: Chunk             ||     2
Armor: Skin              ||    20
Dodge: Dodged            ||    43

Table legend:
 A = Spawn XP
 B = Non-spawn XP
 C = Spawn XP percentage of total XP
 D = Spawn monster count
 E = Non-spawn monster count
 F = Spawn count percentage of total count
 G = Total turns spent on level
                    A         B        C        D         E        F      G
               +---------+---------+-------+---------+---------+-------+---------
         Total |       0 |      71 |   0.0 |       0 |      42 |   0.0 |  1432
               +---------+---------+-------+---------+---------+-------+---------
           D:1 |       0 |      67 |   0.0 |       0 |      40 |   0.0 |  1397
           D:2 |       0 |       4 |   0.0 |       0 |       2 |   0.0 |    35
               +---------+---------+-------+---------+---------+-------+---------

Vault maps used:
D:1:      dpeg_arrival_short_road
D:2:      amethyst_overflow_temple_binary

Table legend:
 A = Turns spent in this place as a percentage of turns spent in the entire game.
 B = Non-inter-level travel turns spent in this place as a percentage of non-inter-level travel turns spent in the entire game.
 C = Inter-level travel turns spent in this place as a percentage of turns spent in this place.
 D = Turns resting spent in this place as a percentage of non-inter-level travel turns spent in this place.
 E = Turns spent auto-exploring this place as a percentage of non-inter-level travel turns spent in this place.
 F = Non-inter-level travel turns spent in this place divided by the number of levels of this place that you've seen.
                   A       B       C       D       E      F
               +-------+-------+-------+-------+-------+----------------------
         Total | 100.0 | 100.0 |   2.3 |  35.8 |  35.8 | 699.5
       Dungeon | 100.0 | 100.0 |   2.3 |  35.8 |  35.8 | 699.5
               +-------+-------+-------+-------+-------+----------------------

Table legend:
 A = Kills in this place as a percentage of kills in entire the game.
 B = Kills by you in this place as a percentage of kills by you in the entire game.
 C = Kills by friends in this place as a percentage of kills by friends in the entire game.
 D = Other kills in this place as a percentage of other kills in the entire game.
 E = Experience gained in this place as a percentage of experience gained in the entire game.
 F = Experience gained in this place divided by the number of levels of this place that you have seen.
                   A       B       C       D       E      F
               +-------+-------+-------+-------+-------+----------------------
         Total | 100.0 | 100.0 |   N/A |   N/A | 100.0 |  35.5
       Dungeon | 100.0 | 100.0 |   N/A |   N/A | 100.0 |  35.5
               +-------+-------+-------+-------+-------+----------------------
